 Dungeon Crawl Stone Soup version 0.18-a0-1045-g4e042de (webtiles) character file.

68 tof the Bolt Thrower (level 4, 2/34 HPs)
             Began as a Formicid Hunter on Jan 11, 2016.
             Quit the game on level 4 of the Dungeon.
             The game lasted 00:04:30 (1434 turns).

tof the Bolt Thrower (Formicid Hunter)              Turns: 1434, Time: 00:04:30

Health: 2/34       AC:  3    Str: 17    XL:     4   Next: 41%
Magic:  4/4        EV: 12    Int: 10    God:
Gold:   154        SH:  0    Dex: 12    Spells: 0 memorised, 3 levels left

rFire  . . .     SeeInvis +     a - +1 hand crossbow
rCold  . . .     Gourm    .     c - +0 leather armour
rNeg   . . .     Faith    .     (no shield)
rPois  .         Spirit   .     (helmet unavailable)
rElec  .         Dismiss  .     (no cloak)
rCorr  .         Reflect  .     (no gloves)
SustAt .         Harm     .     (no boots)
MR     .....                    (no amulet)
Stlth  ++........               (no ring)
                                (no ring)

@: lethally poisoned (2 -> -2), not resistant to hostile enchantments,
unstealthy
A: permanent stasis, dig shafts and tunnels, four strong arms, antennae 3
a: Dig, Shaft Self


You were on level 4 of the Dungeon.
You were not hungry.

You visited 1 branch of the dungeon, and saw 4 of its levels.

You collected 154 gold pieces.

Inventory:

Hand Weapons
 a - a +1 hand crossbow (weapon)
 b - a +0 short sword
Armour
 c - a +0 leather armour (worn)
Scrolls
 i - 4 scrolls of identify {unknown}
 o - a scroll of magic mapping {unknown}
Potions
 e - a potion of heal wounds {unknown}
 j - a potion of curing {unknown}
 l - a potion of ambrosia {unknown}
 n - a potion of poison {unknown}
 p - 2 potions of magic {unknown}
Comestibles
 f - 2 bread rations
 g - a beef jerky
 h - a slice of pizza
 k - 8 fruits


   Skills:
 + Level 2.9 Fighting
 + Level 4.5 Crossbows
 + Level 1.3 Armour
 + Level 2.1 Dodging
 + Level 2.2 Stealth


You had 3 spell levels left.
You didn't know any spells.

Dungeon Overview and Level Annotations

Branches:
Dungeon (4/15)
 Temple: D:4-7

Altars:


Innate Abilities, Weirdness & Mutations

You are under a permanent stasis effect.
You can dig through walls and to a lower floor.
Your four strong arms can wield two-handed weapons with a shield.
You have a pair of large antennae on your head (SInv).


Message History

The adder bites you.
* * * LOW HITPOINT WARNING * * *
A giant newt comes into view.
The adder misses you.
Found 27 arrows.
All of the chunks of flesh in your inventory have rotted away.
Found a stone staircase leading down.
A giant cockroach comes into view.
The giant newt moves out of view.
The adder barely misses you.
Found 7 gold pieces.
The adder bites you.
* * * LOW HITPOINT WARNING * * *
You are lethally poisoned!
The adder poisons you!
Found 18 poisoned needles and 9 gold pieces.
* * * LOW HITPOINT WARNING * * *
You feel sick. The adder bites you.
* * * LOW HITPOINT WARNING * * *
Are you sure you want to abandon this character and quit the game? (Confirm with "yes".)

..##...###.#######..
######..........
##.##....# #....####
####.(####..
+.##........
#$.......... {
#s##l#...#..
#.S@.##..# # #..###
#... #..### >..# #.#
..# ... .# ..( ...$
#..


You could see an adder, a giant cockroach and a giant newt.

Vanquished Creatures
  An adder (D:2)
  An ooze (D:2)
  A worm (D:2)
  A giant gecko (D:2)
  2 orcs (D:3)
  2 giant cockroaches (D:1)
  7 goblins (D:1)
  6 hobgoblins
  7 jackals
  6 kobolds
  A quokka (D:2)
  7 bats
  2 rats (D:1)
44 creatures vanquished.

Notes
Turn   | Place    | Note
--------------------------------------------------------------
     0 | D:1      | tof the Formicid Hunter began the quest for the Orb.
     0 | D:1      | Reached XP level 1. HP: 16/16 MP: 1/1
    67 | D:1      | Reached XP level 2. HP: 18/23 MP: 2/2
   434 | D:1      | Reached XP level 3. HP: 28/28 MP: 3/3
   821 | D:1      | Reached skill level 1 in Armour
  1088 | D:2      | Reached XP level 4. HP: 31/34 MP: 4/4
  1294 | D:2      | You fall through a shaft!
  1413 | D:3      | Noticed a giant frog
  1434 | D:4      | Quit the game

Vault maps used:
D:1:      tarquinn_simple_flora_water_e
D:2:      grunt_temple_overflow_diamond, serial_co_window_serial,
          co_window_corner_a, co_window_of_opportunity_a,
          co_window_of_opportunity_a, co_window_paths_a,
          co_window_of_opportunity_a, co_window_paths_a, co_window_corner_a,
          co_window_broadway_b, co_window_broadway_c, co_window_2corner,
          co_window_paths_e, dk_vineyard_3
D:3:      lemuel_doored_altar, first_bread
D:4:      zin_angel, grunt_pakellas_salt

Action                   |  1- 3 |  4- 6 || total
-------------------------+-------+-------++-------
 Fire: Hand crossbow     |    71 |    22 ||    93
  Eat: Chunk             |       |     1 ||     1
